 Dungeon Crawl Stone Soup version 0.21-a0-536-gdbbf329 (webtiles) character file.

9745 KristoblXynda the Destroyer (level 11, -4/54 HPs)
             Began as a Deep Elf Conjurer on Dec 14, 2017.
             Was a Priest of Vehumet.
             Killed from afar by Harold (25 damage)
             ... with a bolt of fire
             ... on level 11 of the Dungeon.
             The game lasted 00:30:25 (13799 turns).

KristoblXynda the Destroyer (Deep Elf Conjurer)    Turns: 13799, Time: 00:30:26

Health: -4/54      AC:  9    Str:  9    XL:     11   Next: 27%
Magic:  12/29      EV: 18    Int: 27    God:    Vehumet [***...]
Gold:   566        SH:  0    Dex: 15    Spells: 19/34 levels left

rFire    x . .     SeeInvis .   F - +4 dagger (speed)
rCold    + + .     Gourm    .   (no shield)
rNeg     . . .     Faith    .   m - +1 robe of Inquiry {rF- rC+ Str+4 Slay+6}
rPois    .         Spirit   .   E - +2 hat {Int+3}
rElec    .         Reflect  .   o - +0 cloak
rCorr    .         Harm     .   j - +0 pair of gloves
MR       +....                  B - +1 pair of boots
Stlth    ++........             (no amulet)
HPRegen  0.18/turn              n - ring of protection from cold
MPRegen  0.21/turn              (no ring)

@: no status effects
A: no striking features
a: Renounce Religion


You were on level 11 of the Dungeon.
You worshipped Vehumet.
Vehumet was most pleased with you.
You were not hungry.

You visited 2 branches of the dungeon, and saw 12 of its levels.
You also visited: Ossuary.

You collected 566 gold pieces.

Inventory:

Hand Weapons
 F - a +4 dagger of speed (weapon)
Armour
 j - a +0 pair of gloves (worn)
 m - the +1 robe of Inquiry (worn) {rF- rC+ Str+4 Slay+6}
   (You found it on level 6 of the Dungeon)

   It affects your strength (+4).
   It affects your accuracy and damage with ranged weapons and melee attacks
   (+6).
   It makes you vulnerable to fire.
   It protects you from cold.
 o - a +0 cloak (worn)
 B - a +1 pair of boots (worn)
 E - a +2 hat of intelligence (worn)
Magical Staves
 a - an uncursed staff of fire
Jewellery
 n - a ring of protection from cold (left hand)
 r - an uncursed amulet of guardian spirit
Wands
 h - a wand of flame (17)
 i - a wand of iceblast (2)
 I - a wand of clouds (4)
Scrolls
 d - 6 scrolls of remove curse
 q - 8 scrolls of teleportation
 s - a scroll of magic mapping
 M - a scroll of amnesia
Potions
 e - 5 potions of curing
 g - 2 potions of ambrosia
 l - a potion of heal wounds
 p - 2 potions of flight
 t - a potion of brilliance {unknown}
 u - a potion of agility {unknown}
 v - a potion of berserk rage {unknown}
 w - a potion of mutation {unknown}
 x - a potion of invisibility {unknown}
 D - 2 potions of magic
 K - a potion of haste
 L - a potion of might
Books
 b - a book of Conjurations

   Spells                             Type                      Level
   a - Magic Dart                     Conjuration                  1
   b - Searing Ray                    Conjuration                  2
   c - Dazzling Spray                 Conjuration/Hexes            3
   d - Fulminant Prism                Conjuration/Hexes            4
   e - Force Lance                    Conjuration/Translocation    4
   f - Iskenderun's Mystic Blast      Conjuration                  4
 k - a book of Maledictions

   Spells                             Type                      Level
   a - Corona                         Hexes                        1
   b - Ensorcelled Hibernation        Hexes/Ice                    2
   c - Confuse                        Hexes                        3
   d - Tukima's Dance                 Hexes                        3
   e - Dazzling Spray                 Conjuration/Hexes            3
 z - a book of Changes

   Spells                             Type                      Level
   a - Beastly Appendage              Transmutation                1
   b - Sticks to Snakes               Transmutation                2
   c - Spider Form                    Transmutation/Poison         3
   d - Ice Form                       Ice/Transmutation            4
   e - Blade Hands                    Transmutation                5
 C - a book of Geomancy

   Spells                             Type                      Level
   a - Sandblast                      Earth                        1
   b - Passwall                       Transmutation/Earth          2
   c - Stone Arrow                    Conjuration/Earth            3
   d - Petrify                        Transmutation/Earth          4
   e - Lee's Rapid Deconstruction     Earth                        5
Comestibles
 c - 9 bread rations
 f - 3 meat rations
 A - 3 chunks of flesh
 G - 8 royal jellies
 H - 3 fruits


   Skills:
 - Level 1.1 Short Blades
 + Level 8.8 Dodging
 - Level 2.4 Stealth
 - Level 12.0 Spellcasting
 + Level 12.5 Conjurations
 + Level 7.8 Hexes
 - Level 5.1 Evocations


You had 19 spell levels left.
You knew the following spells:

 Your Spells              Type           Power        Failure   Level  Hunger
b - Dazzling Spray        Conj/Hex       ######       1%          3    None
c - Iskenderun's Mystic   Conj           ######..     1%          4    None
d - Fulminant Prism       Conj/Hex       ######....   1%          4    None
e - Shock                 Conj/Air       ####         1%          1    None
f - Mephitic Cloud        Conj/Pois/Air  #####...     1%          3    None


Dungeon Overview and Level Annotations

Branches:
Dungeon (11/15)            Temple (1/1) D:4            Lair (0/6) D:8
    Orc (0/2) D:9

Altars:
Ashenzari
Cheibriados
Dithmenos
Elyvilon
Fedhas
Gozag
Hepliaklqana
Kikubaaqudgha
Makhleb
Nemelex Xobeh
Okawaru
Qazlal
Ru
Sif Muna
Trog
Uskayaw
Vehumet
Wu Jian
Xom
Yredelemnul
Zin
The Shining One

Shops:
D:5 %   D:9 ?

Annotations:
D:11 Harold


Message History

Aiming: Fulminant Prism
Press: ? - help, Dir - move target cursor You conjure a prism of explosive energy!
The orc hits your fulminant prism but does no damage.
Your fulminant prism crackles loudly.
The orc hits your fulminant prism with a short sword.
Your fulminant prism explodes!
The blast of energy engulfs the orc.
You kill the orc!
Vehumet accepts your kill.
You feel your power returning.
You hear a shout!
You hear two shouts!
Casting: Fulminant Prism
Confirm with . or Enter, or press ? or * to list all spells.
Aiming: Fulminant Prism
Press: ? - help, Dir - move target cursor You conjure a prism of explosive energy!
Harold gestures at you while chanting. The bolt of fire hits you!
The fire burns you terribly!
You die...

###### #....# #....#
#....# #....#...
#.@*.##.# #.@...#.#
#........#.....#.#
#........#.....#.# .#
#........#.....#.#####.#
#........#..)..#.......#
#........#.....#.......#
#........#...).#...@...#
#........#.....#.......#


You could see Harold and a friendly fulminant prism.

Vanquished Creatures
  A hydra (D:10)
  A two-headed ogre (D:9)
  The ghost of Torious the Destroyer, a novice DECj of Vehumet (D:10)
  Pikel (D:8)
  A freezing wraith (D:10)
  A troll (D:10)
  A hornet (D:10)
  2 hippogriffs (D:8)
  A wyvern (D:10)
  A human (D:9)
  8 yaks
  A basilisk (D:8)
  A wraith (Ossuary)
  2 hogs (D:9)
  A soldier ant (D:10)
  Duvessa (D:5)
  An eye of draining (D:8)
  3 ice beasts
  2 orc warriors
  3 ogres
  2 phantoms (D:4)
  A necrophage (D:6)
  4 centaurs
  An elf zombie (Ossuary)
  A big kobold (D:10)
  4 bullfrogs
  A wyvern zombie (D:11)
  2 elf skeletons (D:4)
  5 scorpions
  Dowan (D:5)
  8 wights
  8 howler monkeys
  A centaur zombie (D:7)
  2 crimson imps
  2 human zombies (D:4)
  2 jellies (D:6)
  5 hounds
  6 orc priests
  7 orc wizards
  2 bullfrog skeletons (D:7)
  Jessica (D:2)
  Ijyb (D:3)
  2 iguanas
  4 worker ants
  3 big kobold zombies (Ossuary)
  2 hound zombies
  3 mummies (Ossuary)
  2 hound skeletons
  8 adders
  3 gnolls (D:3)
  A shadow imp (D:7)
  An ooze (D:1)
  An adder zombie (D:8)
  2 worms
  2 dart slugs
  4 leopard geckos
  28 orcs
  5 bats
  7 giant cockroaches
  2 gnoll zombies (Ossuary)
  5 goblins
  6 hobgoblins
  10 jackals
  3 quokkas
  A frilled lizard (D:2)
  A goblin zombie (Ossuary)
  4 hobgoblin zombies (Ossuary)
  A jackal skeleton (D:5)
  14 kobolds
  A kobold zombie (Ossuary)
  2 orc skeletons (D:4)
  2 quokka skeletons
  10 rats
  A fulminant prism (D:9)
242 creatures vanquished.

Vanquished Creatures (others)
  A yak (D:8)
  4 slaves (D:8)
  A worker ant (D:8)
  A hobgoblin zombie (Ossuary)
  17 fulminant prisms
24 creatures vanquished.

Grand Total: 266 creatures vanquished

Notes
Turn   | Place    | Note
-------+----------+-------------------------------------------
     0 | D:1      | KristoblXynda the Deep Elf Conjurer began the quest for the Orb.
     0 | D:1      | Reached XP level 1. HP: 10/10 MP: 6/6
   297 | D:1      | Reached XP level 2. HP: 15/15 MP: 0/8
  1433 | D:2      | Noticed Jessica
  1436 | D:2      | Killed Jessica
  1436 | D:2      | Reached skill level 5 in Conjurations
  1436 | D:2      | Reached XP level 3. HP: 19/19 MP: 6/10
  1596 | D:2      | Learned a level 3 spell: Dazzling Spray
  1706 | D:2      | Reached XP level 4. HP: 24/24 MP: 8/12
  2055 | D:3      | Reached skill level 5 in Spellcasting
  2178 | D:3      | Reached XP level 5. HP: 28/28 MP: 6/14
  2325 | D:3      | Learned a level 4 spell: Iskenderun's Mystic Blast
  2342 | D:3      | Noticed Ijyb
  2404 | D:3      | Killed Ijyb
  3013 | D:4      | Reached XP level 6. HP: 7/32 MP: 0/17
  3175 | D:4      | Found a sand-covered staircase.
  3216 | Ossuary  | Entered an ossuary
  3216 | Ossuary  | Noticed a wraith
  3216 | Ossuary  | Noticed a wraith
  3216 | Ossuary  | Noticed a wraith
  4487 | Ossuary  | Reached XP level 7. HP: 26/36 MP: 2/20
  4767 | Ossuary  | Noticed a wraith
  4805 | Ossuary  | Killed a wraith
  5762 | D:4      | Found a staircase to the Ecumenical Temple.
  5768 | Temple   | Entered the Ecumenical Temple
  5910 | Temple   | Became a worshipper of Vehumet
  5982 | D:5      | Entered Level 5 of the Dungeon
  6074 | D:4      | Reached XP level 8. HP: 24/41 MP: 0/23
  6580 | D:5      | Found a sacrificial altar of Ru.
  6603 | D:5      | Noticed Duvessa
  6605 | D:5      | Noticed Dowan
  6620 | D:5      | Killed Dowan
  6620 | D:5      | Killed Duvessa
  6620 | D:5      | Reached skill level 1 in Evocations
  6717 | D:5      | Found Weneklo's Food Emporium.
  6970 | D:6      | Reached skill level 10 in Spellcasting
  7160 | D:6      | Found a radiant altar of Vehumet.
  7199 | D:6      | Got a twisted robe
  7210 | D:6      | Identified the +1 robe of Inquiry {rF- rC+ Str+4 Slay+6} (You found it on level 6 of the Dungeon)
  7414 | D:6      | Learned a level 4 spell: Fulminant Prism
  7464 | D:6      | Reached * piety under Vehumet
  7464 | D:6      | Offered knowledge of Shock by Vehumet.
  7680 | D:6      | Learned a level 1 spell: Shock
  8176 | D:7      | Reached XP level 9. HP: 37/45 MP: 15/25
  8277 | D:7      | Reached skill level 10 in Conjurations
  8377 | D:7      | Reached skill level 5 in Evocations
  8651 | D:7      | Reached skill level 1 in Short Blades
  8882 | D:7      | Reached ** piety under Vehumet
  8882 | D:7      | Offered knowledge of Throw Frost by Vehumet.
  9322 | D:8      | Noticed Pikel
  9330 | D:8      | Killed Pikel
  9599 | D:8      | Found a staircase to the Lair.
  9691 | D:8      | Reached XP level 10. HP: 50/50 MP: 8/28
  9725 | D:8      | Reached skill level 1 in Hexes
  9885 | D:8      | Reached skill level 5 in Dodging
 10042 | D:8      | Found a hazy altar of Hepliaklqana.
 10181 | D:9      | Found a staircase to the Orcish Mines.
 10274 | D:9      | Noticed a two-headed ogre
 10289 | D:9      | Killed a two-headed ogre
 10874 | D:9      | Found Peoku's Magic Scroll Boutique.
 11144 | D:9      | Reached skill level 5 in Hexes
 11450 | D:9      | Found a burning altar of Makhleb.
 11468 | D:9      | Offered knowledge of Throw Flame by Vehumet.
 11491 | D:9      | Noticed a green death
 11511 | D:10     | Entered Level 10 of the Dungeon
 12161 | D:10     | Reached *** piety under Vehumet
 12265 | D:10     | Noticed a four-headed hydra
 12284 | D:10     | Killed a four-headed hydra
 12284 | D:10     | Reached XP level 11. HP: 45/54 MP: 0/29
 12563 | D:10     | Offered knowledge of Mephitic Cloud by Vehumet.
 12591 | D:9      | Learned a level 3 spell: Mephitic Cloud
 13132 | D:10     | Noticed Torious's ghost (novice DECj)
 13141 | D:10     | Killed Torious's ghost
 13721 | D:11     | Noticed Harold
 13799 | D:11     | Killed from afar by Harold

Vault maps used:
D:1:      dpeg_arrival_stone_temple_mockup
D:2:      uniq_jessica
D:3:      first_bread, uniq_ijyb
D:4:      temple_statues, nicolae_ossuary_entry_catacombs
D:5:      serial_shops, nicolae_shop_window_shopping, nrook_pool_corridor,
          nicolae_ru_sacrificial_ziggurat, uniq_duvessa
D:6:      vehumet_altar_wand_db
D:8:      kennysheep_mini, david_lair_generic, uniq_pikel
D:9:      orc_0_dummy, serial_shops, shop, grunt_livestock,
          makhleb_altar_promises_db
D:11:     uniq_snorg, uniq_psyche, uniq_harold, uniq_grum
Temple:   minmay_crystal_snake_temple
Ossuary:  ossuary_kennysheep_city_of_the_dead

Skill      XL: |  1  2  3  4  5  6  7  8  9 10 |
---------------+-------------------------------+-----
Spellcasting   | 4 5 6 7 9 10 12 | 12.0
Conjurations   | 5 6 7 8 9 10 12 | 12.5
Evocations     | 3 5 |  5.1
Short Blades   | 1 |  1.1
Dodging        | 4 8 |  8.8
Hexes          | 7 |  7.8
Stealth        | |  2.4

Action                   |  1- 3 |  4- 6 |  7- 9 | 10-12 || total
-------------------------+-------+-------+-------+-------++-------
Melee: Dagger            |       |    81 |    67 |    15 ||   163
 Cast: Magic Dart        |    53 |   183 |   170 |     5 ||   411
       Dazzling Spray    |       |    18 |    13 |     3 ||    34
       Iskenderun's Myst |       |       |    63 |    82 ||   145
       Fulminant Prism   |       |       |     1 |    18 ||    19
Evoke: Wand              |       |     3 |    19 |     4 ||    26
  Use: Scroll            |       |     8 |     5 |     7 ||    20
       Potion            |       |     4 |     4 |     1 ||     9
 Stab: Sleeping          |       |     1 |     2 |       ||     3
       Invisible         |       |     1 |       |     1 ||     2
  Eat: Chunk             |     2 |     6 |     4 |    10 ||    22
       Fruit             |       |     3 |     3 |     1 ||     7
       Meat ration       |       |       |     2 |       ||     2
       Royal jelly       |       |       |     1 |       ||     1
Armor: Robe              |       |    18 |    19 |     9 ||    46
Dodge: Dodged            |     3 |    78 |    84 |    39 ||   204

Table legend:
 A = Spawn XP
 B = Non-spawn XP
 C = Spawn XP percentage of total XP
 D = Spawn monster count
 E = Non-spawn monster count
 F = Spawn count percentage of total count
 G = Total turns spent on level
                    A         B        C        D         E        F      G
               +---------+---------+-------+---------+---------+-------+---------
         Total |       0 |   13922 |   0.0 |       0 |     242 |   0.0 | 13799
               +---------+---------+-------+---------+---------+-------+---------
           D:1 |       0 |      24 |   0.0 |       0 |      11 |   0.0 |  1040
           D:2 |       0 |      77 |   0.0 |       0 |      16 |   0.0 |   916
           D:3 |       0 |     171 |   0.0 |       0 |      27 |   0.0 |   878
           D:4 |       0 |     817 |   0.0 |       0 |      23 |   0.0 |  1059
           D:5 |       0 |     362 |   0.0 |       0 |      13 |   0.0 |   613
           D:6 |       0 |     924 |   0.0 |       0 |      21 |   0.0 |  1335
           D:7 |       0 |    1396 |   0.0 |       0 |      36 |   0.0 |  1133
           D:8 |       0 |    1774 |   0.0 |       0 |      13 |   0.0 |   854
           D:9 |       0 |    2448 |   0.0 |       0 |      20 |   0.0 |  1465
          D:10 |       0 |    5376 |   0.0 |       0 |      41 |   0.0 |  2076
          D:11 |       0 |     134 |   0.0 |       0 |       5 |   0.0 |   106
       Ossuary |       0 |     419 |   0.0 |       0 |      16 |   0.0 |  2123
               +---------+---------+-------+---------+---------+-------+---------
